 Dungeon Sprint DCSS version 0.21.0-24-g2553a33 (webtiles) character file.

135 letownia2 the Grappler (level 4, -5/41 HPs)
             Began as a Troll Wizard on Jan 20, 2018.
             Engulfed by a cloud of flame (19 damage)
             ... in the Dungeon (Sprint II: "The Violet Keep of Menkaure").
             The game lasted 00:01:26 (159 turns).

letownia2 the Grappler (Troll Wizard)                Turns: 159, Time: 00:01:27

Health: -5/41      AC:  4    Str: 15      XL:     4   Next: 97%
Magic:  6/6        EV:  9    Int:  9 (15) God:
Gold:   243        SH:  0    Dex:  7 (8)  Spells: 0/7 levels left

rFire    . . .     SeeInvis .     - Unarmed
rCold    . . .     Gourm    +   (no shield)
rNeg     . . .     Faith    .   a - +0 robe
rPois    .         Spirit   .   b - +0 hat
rElec    .         Reflect  .   (no cloak)
rCorr    .         Harm     .   (gloves unavailable)
MR       .....     NoTele   +   (boots unavailable)
Stlth    +.........             (no amulet)
HPRegen  0.53/turn              (no ring)
MPRegen  0.10/turn              (no ring)

@: no status effects
A: large, unfitting armour, claws 3, deformed body, fast metabolism 3, gourmand,
regeneration 1, shaggy fur 1, tough skin 2, wild magic 1
a: no special abilities


You were in the Dungeon.
You were full.

You visited 1 branch You collected 243 gold pieces.

Inventory:

Armour
 a - a +0 robe (worn)
 b - a +0 hat (worn)
Scrolls
 j - a scroll of blinking
Potions
 e - a potion of curing
 f - a potion of heal wounds
 g - a potion of haste
 h - 2 potions of magic
 i - a potion of berserk rage
Books
 c - a book of Minor Magic

   Spells                             Type                      Level
   a - Magic Dart                     Conjuration                  1
   b - Blink                          Translocation                2
   c - Call Imp                       Summoning                    2
   d - Slow                           Hexes                        2
   e - Conjure Flame                  Conjuration/Fire             3
   f - Mephitic Cloud                 Conjuration/Poison/Air       3
Comestibles
 d - 2 rations


   Skills:
 - Level 1.1 Fighting
 - Level 1.5 Dodging
 - Level 1.0 Stealth
 - Level 9.7 Unarmed Combat
 + Level 2.0 Spellcasting
 + Level 0.6 Conjurations
   Level 0.6 Summonings
   Level 0.6 Translocations
 + Level 0.0 Fire Magic
 + Level 0.0 Air Magic
 + Level 0.0 Poison Magic


You couldn't memorise any spells.
You knew the following spells:

 Your Spells              Type           Power        Failure   Level  Hunger
a - Magic Dart            Conj           #...         34%         1    ##.....
c - Conjure Flame         Conj/Fire      #.......     73%         3    ####...
e - Mephitic Cloud        Conj/Pois/Air  #.......     75%         3    ####...


Dungeon Overview and Level Annotations

Branches:
Dungeon (1/1)

Altars:


Innate Abilities, Weirdness & Mutations

You are too large for most types of armour.
You have claws for hands.
Your metabolism is lightning-fast.
You like to eat raw meat.
Your natural rate of healing is unusually fast.
You are covered in fur. (AC +1)
You have very tough skin. (AC +2)
Armour fits poorly on your strangely shaped body.
Your spells are a little harder to cast, but a little more powerful.


Message History

The quasit claws you but does no damage. x2
You scratch the neqoxec but do no damage.
The neqoxec is almost dead.
The neqoxec gestures at you.
You feel dopey. Something feeds on your intellect!
The quasit closely misses you. x2
The quasit barely misses you.
You completely miss the neqoxec.
The neqoxec is almost dead.
The quasit bites you but does no damage.
The quasit claws you but does no damage.
The quasit closely misses you. The neqoxec hits you.
You closely miss the neqoxec.
The neqoxec is almost dead.
You are engulfed in blazing flames.
The quasit barely misses you. x2
The quasit misses you.
You barely miss the neqoxec.
The neqoxec is almost dead.
You are engulfed in blazing flames.
You die...

##≈§§§§§§##
##≈S§§§≈§§§##
+≈≈≈§§§§§§§§#
#≈≈§§§§§S§
#≈S≈SS§
##≈≈#'''#+++##
#≈≈≈...§.§...#
#≈≈≈≈t##3##..#
#≈≈≈≈##@#.##
#≈≈≈ #5.##.#
#≈≈# ##..###
#≈ #3 ##+# #
#.##.## #'.<.+
###.## #+#


You could see a neqoxec, 2 lava snakes and a quasit.

Vanquished Creatures
  A neqoxec (D)
  3 worms (D)
4 creatures vanquished.

Vanquished Creatures (others)
  Menkaure (D)
1 creature vanquished.

Grand Total: 5 creatures vanquished

Notes
Turn   | Place    | Note
-------+----------+-------------------------------------------
     0 | D        | letownia2 the Troll Wizard began the quest for the Orb.
     0 | D        | Reached XP level 1. HP: 16/16 MP: 2/2
    11 | D        | Reached skill level 1 in Fighting
    11 | D        | Reached skill level 2 in Unarmed Combat
    25 | D        | Reached skill level 3 in Unarmed Combat
    50 | D        | Noticed a lava snake
    51 | D        | Noticed a lava snake
    59 | D        | Reached XP level 2. HP: 13/27 MP: 4/4
    68 | D        | Noticed a lava snake
    68 | D        | Noticed a crocodile
    87 | D        | Noticed a neqoxec
    87 | D        | Gained mutation: Armour fits poorly on your strangely shaped body. [a neqoxec]
    98 | D        | Noticed a crimson imp
   100 | D        | Killed a neqoxec
   100 | D        | Reached skill level 9 in Unarmed Combat
   100 | D        | Reached XP level 3. HP: 14/33 MP: 5/5
   100 | D        | Reached XP level 4. HP: 17/41 MP: 6/6
   107 | D        | Learned a level 3 spell: Conjure Flame
   111 | D        | Learned a level 3 spell: Mephitic Cloud
   115 | D        | Noticed a neqoxec
   134 | D        | Killed Menkaure
   149 | D        | Gained mutation: Your spells are a little harder to cast, but a little more powerful. [a neqoxec]
   159 | D        | Engulfed by a cloud of flame

Skill      XL: |  1  2 |
---------------+-------+-----
Fighting       | 1 |  1.1
Unarmed Combat | 3 9 |  9.7
Dodging        | |  1.5
Stealth        | |  1.0
Spellcasting   | |  2.0
Conjurations   | |  0.6
Summonings     | |  0.6
Translocations | |  0.6

Action                   |  1- 3 |  4- 6 || total
-------------------------+-------+-------++-------
Melee: Unarmed           |    28 |    12 ||    40
  Eat: Chunk             |     3 |       ||     3
Armor: Robe              |     5 |     6 ||    11
Dodge: Dodged            |     4 |    10 ||    14
